 Dungeon Crawl Stone Soup version 0.31.0-32-g396128a36d (webtiles) character file.

Game seed: 13485899219863246591

3227 PaiMei the Scholar of Death (level 9, -12/71 HPs)
             Began as a Demonspawn Necromancer on Apr 24, 2024.
             Was a Follower of Kikubaaqudgha.
             Mangled by a two-headed ogre
             ... wielding a +0 giant spiked club
              (28 damage)
             ... on level 10 of the Dungeon on Apr 25, 2024.
             The game lasted 00:17:31 (9689 turns).

PaiMei the Scholar of Death (DsNe)                  Turns: 9689, Time: 00:17:31

Health: -12/71     AC: 10    Str:  9    XL:     9   Next: 66%
Magic:  9/18       EV: 16    Int: 20    God:    Kikubaaqudgha [*.....]
Gold:   503        SH:  4    Dex: 19    Spells: 8/21 levels left

rFire   + . .        D - +1 hammer (heavy)
rCold   . . .        (no shield)
rNeg    + . .        O - +2 robe {rN+}
rPois   .            (no helmet)
rElec   .            E - +1 cloak
rCorr   .            e - +0 pair of gloves
SInv    .            k - +2 pair of boots
Will    .....        (no amulet)
Stlth   ++           r - +6 ring of dexterity
HPRegen 0.31/turn    y - ring of protection from fire
MPRegen 0.32/turn

%: no passive effects
@: no status effects
A: large bone plates 1, spiny 1, magic regeneration
a: Renounce Religion, Unearth Wretches


You were on level 10 of the Dungeon.
You worshipped Kikubaaqudgha.
Kikubaaqudgha was aware of your devotion.
You visited 2 branches of the dungeon, and saw 10 of its levels.

You collected 539 gold pieces.
You spent 36 gold pieces at shops.

Inventory:

Hand Weapons
 a - a +2 war axe of pain
 f - a +0 short sword
 D - a +1 heavy hammer (weapon)
 F - a +4 quarterstaff of chaos
Missiles
 i - 34 poisoned darts (quivered)
 C - 2 throwing nets
Armour
 e - a +0 pair of gloves (worn)
 k - a +2 pair of boots (worn)
 u - a +0 kite shield
 E - a +1 cloak (worn)
 G - +0 steam dragon scales
 O - a +2 robe of positive energy (worn)
Jewellery
 h - an amulet of faith
 r - a +6 ring of dexterity (left hand)
 y - a ring of protection from fire (right hand)
Wands
 A - a wand of flame (48)
 H - a wand of mindburst (21)
 J - a wand of roots (10)
 M - a wand of paralysis (7)
Scrolls
 c - 2 scrolls of blinking {unknown}
 g - 13 scrolls of identify {unknown}
 j - a scroll of summoning {unknown}
 l - a scroll of noise {unknown}
 o - 3 scrolls of amnesia {unknown}
 v - 3 scrolls of poison {unknown}
 w - a scroll of revelation {unknown}
 x - 2 scrolls of teleportation
 B - a scroll of enchant armour {unknown}
 K - 2 scrolls of immolation {unknown}
Potions
 b - 2 potions of magic
 d - a potion of heal wounds {unknown}
 m - 2 potions of enlightenment {unknown}
 n - a potion of invisibility {unknown}
 p - 3 potions of brilliance {unknown}
 q - a potion of berserk rage {unknown}
 s - a potion of degeneration {unknown}
 t - a potion of attraction {unknown}
 z - 2 potions of might {unknown}
 I - 2 potions of lignification {unknown}
 L - 3 potions of curing {unknown}
 N - a potion of haste {unknown}


   Skills:
 + Level 6.5 Fighting
 + Level 6.5 Dodging
 - Level 2.0 Stealth
 + Level 6.5 Spellcasting
 + Level 8.7 Necromancy


You had 8 spell levels left.
You knew the following spells:

 Your Spells              Type           Power      Damage    Failure   Level
a - Necrotise             Necr           100%       1d9       1%          1
b - Vampiric Draining     Necr           41%        2d8       1%          3
c - Animate Dead          Necr           41%        N/A       2%          4
d - Curse of Agony        Necr           41%        N/A       8%          5

Your spell library contained the following spells:

 Spells                   Type           Power      Damage    Failure   Level
 Sublimation of Blood     Necr           41%        N/A       1%          2
 Fugue of the Fallen      Necr           41%        N/A       1%          3
 Sting                    Conj/Alch      24%        1d4       10%         1
 Mercury Vapours          Alch/Air       12%        N/A       16%         2
 Call Canine Familiar     Summ           6%         N/A       30%         3
 Sigil of Binding         Hex            6%         N/A       30%         3
 Dimensional Bullseye     Hex/Tloc       3%         N/A       69%         4
 Olgreb's Toxic Radiance  Alch           6%         N/A       69%         4


Dungeon Overview and Level Annotations

Branches:
Dungeon (8/15)             Temple (1/1) D:5             Orc (0/2) D:10
   Lair: D:8-11

Altars:
Ashenzari
Cheibriados
Dithmenos
Fedhas
Gozag
Hepliaklqana
Kikubaaqudgha
Makhleb
Nemelex Xobeh
Okawaru
Qazlal
Ru
Sif Muna
Trog
Uskayaw
Vehumet
Xom
Yredelemnul

Shops:
D:4 *[*?

Annotations:
D:5 2 transporters, Grinder


Innate Abilities, Weirdness & Mutations

You are partially covered in large bone plates. (SH +4)
You are partially covered in sharp spines.
You regenerate magic rapidly.


Message History

Confirm with . or Enter, or press ? or * to list all spells.
Okay, then.
Casting: Vampiric Draining (safe; 1% risk of failure)
Confirm with . or Enter, or press ? or * to list all spells.
You can't see any susceptible monsters within range! (Use Z to cast anyway.)
Casting: Vampiric Draining (safe; 1% risk of failure)
Confirm with . or Enter, or press ? or * to list all spells.
Aiming: Curse of Agony (dangerous; 8% risk of failure)
Press: ? - help, Shift-Dir - straight line, f - two-headed ogre
Aim: a two-headed ogre, wielding a +0 giant spiked club and a +0 giant club (chance to affect: 74%)
The two-headed ogre is cursed with the promise of agony.
You barely miss the two-headed ogre.
The two-headed ogre hits you with a +0 giant spiked club!!
The two-headed ogre closely misses you.
You hit the two-headed ogre but do no damage.
The two-headed ogre convulses!
The two-headed ogre is heavily wounded.
The two-headed ogre hits you with a +0 giant spiked club!!
* * * LOW HITPOINT WARNING * * *
You block the two-headed ogre's attack. The two-headed ogre closely misses you.
The two-headed ogre hits you with a +0 giant club.
* * * LOW HITPOINT WARNING * * *
Casting: Curse of Agony (dangerous; 8% risk of failure)
Confirm with . or Enter, or press ? or * to list all spells.
Aiming: Vampiric Draining (safe; 1% risk of failure)
Press: ? - help, Shift-Dir - straight line, f/p - two-headed ogre
Aim: a two-headed ogre, wielding a +0 giant spiked club and a +0 giant club (heavily wounded, cursed with the promise of agony)
You draw life force from the two-headed ogre!
You feel life coursing into your body.
Casting: Vampiric Draining (safe; 1% risk of failure)
Confirm with . or Enter, or press ? or * to list all spells.
Aiming: Vampiric Draining (safe; 1% risk of failure)
Press: ? - help, Shift-Dir - straight line, f/p - two-headed ogre
Aim: a two-headed ogre, wielding a +0 giant spiked club and a +0 giant club (severely wounded, cursed with the promise of agony)
You draw life force from the two-headed ogre!
You feel life coursing into your body.
The two-headed ogre is freed from its curse.
The two-headed ogre hits you with a +0 giant spiked club!!
You die...
Kikubaaqudgha rasps: "You have failed me!
Welcome... death!"

._..... .......
...§§§# ..§§§# #
..§§# #.########
##..§## #........#
#.....#
####.###.#####.###.#
##.#....O@....#
#O###....####.#
...O$..## ##.#.# #.#
>###### #....# ...
#>##... .#.. #.#
#.####. .## ... #.
## ## ## ##


You could see a two-headed ogre.

Vanquished Creatures
  Pikel (D:8)
  Maggie (D:7)
  A steam dragon (D:7)
  A vampire mosquito (D:8)
  An orc warrior (D:6)
  3 sky beasts (D:7)
  2 black bears
  A centaur (D:6)
  3 lemures (D:8)
  2 phantoms
  2 bullfrogs
  2 scorpions
  2 wights (D:7)
  5 bombardier beetles
  5 orc priests
  A hound (D:6)
  A gnoll bouda (D:6)
  4 jellies
  Crazy Yiuf (D:6)
  6 iguanas
  Jessica (D:3)
  Terence (D:3)
  7 orc wizards
  7 adders
  5 gnolls (D:6)
  2 white imps
  A dart slug (D:4)
  2 ribbon worms
  19 orcs
  9 ball pythons
  7 endoplasms
  4 giant cockroaches
  13 goblins
  11 hobgoblins
  3 jackals (D:2)
  3 quokkas
  6 bats
  A frilled lizard (D:1)
  9 kobolds
  8 rats
164 creatures vanquished.

Vanquished Creatures (collateral kills)
  A dart slug (D:2)
  A ribbon worm (D:5)
  2 orcs (D:5)
  A kobold (D:1)
  A frilled lizard (D:1)
6 creatures vanquished.

Grand Total: 170 creatures vanquished

Notes
Turn   | Place    | Note
-------+----------+-------------------------------------------
     0 | D:1      | PaiMei the Demonspawn Necromancer began the quest for the
                  | Orb.
     0 | D:1      | Reached XP level 1. HP: 13/13 MP: 3/3
   191 | D:1      | Gained mutation: You regenerate magic rapidly. [demonic
                  | ancestry]
   191 | D:1      | Reached XP level 2. HP: 18/19 MP: 0/5
   750 | D:2      | Reached XP level 3. HP: 25/25 MP: 4/6
   754 | D:2      | Learned a level 3 spell: Vampiric Draining
   961 | D:2      | Reached skill level 1 in Fighting
  1043 | D:2      | Found a faded altar of an unknown god.
  1605 | D:2      | Reached XP level 4. HP: 32/32 MP: 1/7
  1968 | D:3      | Found a sparkling altar of Nemelex Xobeh.
  2439 | D:3      | Noticed Terence
  2445 | D:3      | Killed Terence
  2446 | D:3      | Reached skill level 5 in Necromancy
  2728 | D:3      | Gained mutation: You are partially covered in large bone
                  | plates. (SH +4) [demonic ancestry]
  2728 | D:3      | Reached XP level 5. HP: 31/38 MP: 4/9
  2802 | D:3      | Noticed Jessica
  2808 | D:3      | Killed Jessica
  2886 | D:3      | Found a burning altar of Makhleb.
  3143 | D:4      | Found Moesey's Antique Armour Shop.
  3157 | D:4      | Found Sal Nel's Assorted Antiques.
  3522 | D:4      | Gained mutation: You are partially covered in sharp spines.
                  | [demonic ancestry]
  3522 | D:4      | Reached XP level 6. HP: 46/46 MP: 4/11
  3629 | D:4      | Found Hoev's Magic Scroll Boutique.
  3728 | D:4      | Found Etwuim's General Store.
  3737 | D:4      | Bought a scroll of teleportation for 36 gold pieces
  3982 | D:4      | Found a radiant altar of Vehumet.
  4106 | D:5      | Entered Level 5 of the Dungeon
  4113 | D:5      | Reached XP level 7. HP: 52/52 MP: 8/12
  4179 | D:5      | Reached skill level 6 in Necromancy
  4296 | D:5      | Noticed Grinder
  4324 | D:5      | Found a staircase to the Ecumenical Temple.
  4371 | Temple   | Entered the Ecumenical Temple
  4418 | Temple   | Became a worshipper of Kikubaaqudgha
  4514 | D:5      | Found a transporter.
  4571 | D:5      | Found a faded altar of an unknown god.
  4571 | D:5      | Found a hazy altar of Hepliaklqana.
  4579 | D:5      | Found a faded altar of an unknown god.
  4581 | D:5      | Found a sacrificial altar of Ru.
  4583 | D:5      | Found a basalt altar of Yredelemnul.
  5170 | D:5      | Found a transporter.
  5611 | D:6      | Found an iron altar of Okawaru.
  5731 | D:6      | Found a hide-covered altar of Uskayaw.
  5891 | D:6      | Reached XP level 8. HP: 60/60 MP: 2/15
  6041 | D:6      | Reached skill level 7 in Necromancy
  6193 | D:6      | Reached skill level 5 in Dodging
  6193 | D:6      | Reached skill level 5 in Spellcasting
  6653 | D:6      | Found a runed translucent door.
  6654 | D:6      | Noticed Crazy Yiuf
  6660 | D:6      | Killed Crazy Yiuf
  6680 | D:6      | Identified the +0 hammer "Zereiteo" {distort, Will+ MP+9
                  | Dex-2}
  6742 | D:7      | Noticed Maggie
  6850 | D:7      | Killed Maggie
  6851 | D:7      | Reached skill level 5 in Fighting
  6962 | D:7      | Learned a level 4 spell: Animate Dead
  6968 | D:7      | Learned a level 5 spell: Curse of Agony
  7331 | D:7      | Reached XP level 9. HP: 65/68 MP: 9/17
  7380 | D:7      | Reached * piety under Kikubaaqudgha
  7380 | D:7      | Received a gift from Kikubaaqudgha
  7577 | D:7      | Reached skill level 8 in Necromancy
  8406 | D:7      | HP: 3/69 [vampire mosquito (7)]
  9392 | D:8      | Noticed Pikel
  9405 | D:8      | Killed Pikel
  9657 | D:8      | You fall into a shaft and drop 2 floors!
  9657 | D:10     | Entered Level 10 of the Dungeon
  9657 | D:10     | Found a shadowy altar of Dithmenos.
  9674 | D:10     | Found a staircase to the Orcish Mines.
  9674 | D:10     | Noticed a two-headed ogre
  9689 | D:10     | Mangled by a two-headed ogre

Illustrated notes

Levels and vault maps discovered:
D:1:      dpeg_arrival_pits, layout_rooms, minmay_hedge_maze, minmay_hexomino_p4
D:2:      minmay_razor_zed, layout_loops_ring,
          ebering_ecumenical_altar_sacrificial
D:3:      layout_loops_cross, mainiacjoe_overflow_24_doors, bloody_makhleb,
          grunt_decor_clamped, guppyfry_early_orc_mine, uniq_terence,
          uniq_jessica
D:4:      layout_basic, nicolae_vehumet_altar_sigil, serial_shops, shop, shop,
          kennysheep_little_box, nicolae_shop_peninsula, nicolae_titane
D:5:      gammafunk_cloud_chamber, layout_basic,
          chequers_temple_overflow_minitemple, minmay_temple_entry_waves,
          uniq_grinder
D:6:      layout_gridville, mainiacjoe_overflow_catwalk, amcnicky_altar_gilded,
          uniq_crazy_yiuf_cottage
D:7:      layout_layer_cave, kennysheep_nondescript, uniq_maggie
D:8:      layout_loops_cross, enter_bailey_2, uniq_pikel
D:10:     layout_loops_ring, mainiacjoe_overflow_alcove_1,
          nicolae_dithmenos_the_darkroom, orc_0_dummy, serial_shops,
          nicolae_shop_crystal, nicolae_figureground_pulse, uniq_amaemon
Temple:   minmay_temple_forest_path

Skill      XL: |  1  2  3  4  5  6  7  8  9 |
---------------+----------------------------+-----
Dodging        | 2 3 4 5 6 |  6.5
Stealth        | 2 |  2.0
Fighting       | 1 2 3 4 5 6 |  6.5
Necromancy     | 5 6 7 8 |  8.7
Spellcasting   | 3 4 5 6 |  6.5

Action                     |  1- 3 |  4- 6 |  7- 9 || total
---------------------------+-------+-------+-------++-------
  Melee: Short sword       |    21 |    25 |    31 ||    77
         Mace              |       |       |    46 ||    46
         Punch             |       |       |     1 ||     1
   Cast: Necrotise         |    85 |   116 |   115 ||   316
         Vampiric Draining |       |     1 |    49 ||    50
         Curse of Agony    |       |       |     1 ||     1
    Use: Scroll            |       |       |     1 ||     1
 Armour: Robe              |    18 |    21 |    50 ||    89
         Steam dragon scal |       |       |    54 ||    54
  Dodge: Dodged            |    29 |    21 |   114 ||   164
  Block: Other             |       |     4 |    28 ||    32
